 Dungeon Crawl Stone Soup version 0.15.0-13-gb296d5c (console) character file.

471 gw the Cudgeler (level 6, 0/56 HPs)
             Began as a Minotaur Fighter on Sept 2, 2014.
             Was an Initiate of Okawaru.
             Slain by gowby's ghost (5 damage)
             ... on Level 5 of the Dungeon.
             The game lasted 00:01:43 (4688 turns).

gw the Cudgeler (Minotaur Fighter)                  Turns: 4688, Time: 00:01:44

HP   0/56        AC  5     Str 20      XL: 6   Next: 83%
MP   3/3         EV  7     Int  5      God: Okawaru [......]
Gold 0           SH  0     Dex 12      Spells:  0 memorised,  5 levels left

rFire  . . .     SeeInvis .     a - +1 flail
rCold  . . .     Clarity  .     j - +0 chain mail
rNeg   . . .     rCorr    .     (no shield)
rPois  .         rRot     .     p - +0 hat
rElec  .         Spirit   .     (no cloak)
SustAb .         Warding  .     (no gloves)
rMut   .         Stasis   .     (no boots)
Gourm  .                        (no amulet)
MR     .....                    (no ring)
                                (no ring)

@: not resistant to hostile enchantments, extremely unstealthy
A: retaliatory headbutt, horns 2, camouflage 1, blurry vision 1, deformed body
a: Renounce Religion


You were on level 5 of the Dungeon.
You worshipped Okawaru.
Okawaru was noncommittal.
You were hungry.

You visited 2 branches of the dungeon, and saw 6 of its levels.

Inventory:

Hand weapons
 a - a +1 flail (weapon)
Missiles
 g - 4 poisoned tomahawks
 h - 72 stones (quivered)
 k - 3 tomahawks
 m - 5 tomahawks of returning
Armour
 j - a +0 chain mail (worn)
 p - a +0 hat (worn)
Comestibles
 d - 3 bread rations
 i - a meat ration
Scrolls
 b - a scroll of remove curse
 l - a scroll of identify
Potions
 f - 2 potions of curing


   Skills:
 + Level 5.0 Fighting
 * Level 5.6 Maces & Flails
 + Level 3.5 Throwing
 + Level 5.1 Armour
   Level 3.6 Shields
 + Level 0.4 Invocations


You had 5 spell levels left.
You didn't know any spells.

Dungeon Overview and Level Annotations

Branches:
Dungeon (5/15)             Temple (1/1) D:4

Altars:
Ashenzari
Cheibriados
Dithmenos
Elyvilon
Fedhas
Kikubaaqudgha
Makhleb
Nemelex Xobeh
Okawaru
Qazlal
Sif Muna
Trog
Vehumet
Xom
Yredelemnul
Zin
The Shining One

Annotations:
D:5 gowby's ghost, average HOSk


Innate Abilities, Weirdness & Mutations

You reflexively headbutt those who attack you in melee.
You have a pair of horns on your head.
Your skin changes colour to match your surroundings (Stealth).
Your vision is a little blurry.
Armour fits poorly on your strangely shaped body.


Message History

The iguana bites you! Gowby's ghost barely misses you.
FLEEEEING!
ATTACKING (0,1)
You closely miss gowby's ghost.
Gowby's ghost is moderately damaged.
The iguana bites you! Gowby's ghost barely misses you. You furiously retaliate!
You headbutt gowby's ghost!
FLEEEEING!
ATTACKING (0,1)
You hit gowby's ghost. You headbutt gowby's ghost!
Gowby's ghost is severely damaged.
The iguana bites you. Gowby's ghost completely misses you.
You furiously retaliate!
You headbutt gowby's ghost.
FLEEEEING!
ATTACKING (0,1)
You sock gowby's ghost!
Gowby's ghost is almost destroyed.
The iguana bites you but does no damage.
Gowby's ghost hits you.
You die...

#######
###.#..(####
#...#........
#...[.##.###
#.l.#.#...<#
#H###...(# #W#
####)# #.# #.#
#.# #.# . #.#
#(#####...
..######.......#
#............(.+
#(.........../##
#........#####.#


You could see an iguana and gowby's ghost.

Table legend:
 A = Turns spent in this place as a percentage of turns spent in the entire game.
 B = Non-inter-level travel turns spent in this place as a percentage of non-inter-level travel turns spent in the entire game.
 C = Inter-level travel turns spent in this place as a percentage of turns spent in this place.
 D = Turns resting spent in this place as a percentage of non-inter-level travel turns spent in this place.
 E = Turns spent auto-exploring this place as a percentage of non-inter-level travel turns spent in this place.
 F = Non-inter-level travel turns spent in this place divided by the number of levels of this place that you've seen.
                   A       B       C       D       E      F
               +-------+-------+-------+-------+-------+----------------------
         Total | 100.0 | 100.0 |   1.2 |   8.0 |  23.2 | 143.0
       Dungeon |  97.2 |  97.3 |   1.1 |   8.3 |  22.8 | 167.0
        Temple |   2.8 |   2.7 |   4.2 |   0.0 |  39.1 |  23.0
               +-------+-------+-------+-------+-------+----------------------

Table legend:
 A = Kills in this place as a percentage of kills in entire the game.
 B = Kills by you in this place as a percentage of kills by you in the entire game.
 C = Kills by friends in this place as a percentage of kills by friends in the entire game.
 D = Other kills in this place as a percentage of other kills in the entire game.
 E = Experience gained in this place as a percentage of experience gained in the entire game.
 F = Experience gained in this place divided by the number of levels of this place that you have seen.
                   A       B       C       D       E      F
               +-------+-------+-------+-------+-------+----------------------
         Total | 100.0 | 100.0 |  -nan |  -nan | 100.0 | 112.2
       Dungeon | 100.0 | 100.0 |  -nan |  -nan | 100.0 | 134.6
               +-------+-------+-------+-------+-------+----------------------

Vanquished Creatures
  2 orc wizards
  4 orc priests
  2 hounds (D:3)
  9 adders
  A gnoll (D:3)
  5 giant mites
  A worm (D:3)
  An adder skeleton (D:2)
  6 giant geckos
  An ooze (D:3)
  19 orcs
  8 bats
  2 goblins
  6 hobgoblins
  6 jackals (D:4)
  3 quokkas
  A ball python (D:1)
  5 giant cockroaches
  2 giant newts
  A hobgoblin zombie (D:5)
  8 kobolds
  7 rats
100 creatures vanquished.

Notes
Turn   | Place    | Note
--------------------------------------------------------------
     0 | D:1      | gw, the Minotaur Fighter, began the quest for the Orb.
     0 | D:1      | Reached XP level 1. HP: 19/19 MP: 1/1
   308 | D:1      | Reached skill level 1 in Throwing
   970 | D:2      | Reached XP level 2. HP: 25/27 MP: 1/1
  1022 | D:2      | Reached skill level 4 in Armour
  1038 | D:2      | Reached XP level 3. HP: 30/33 MP: 2/2
  2086 | D:3      | Reached XP level 4. HP: 40/40 MP: 2/2
  2558 | D:3      | Reached XP level 5. HP: 44/46 MP: 2/2
  3153 | D:3      | Reached XP level 6. HP: 40/53 MP: 3/3
  3157 | D:3      | Reached skill level 5 in Maces & Flails
  3651 | D:4      | Found a glowing drain.
  3738 | D:4      | Reached skill level 5 in Armour
  3863 | D:4      | Got a faintly glowing ring mail
  3874 | D:4      | Identified the cursed -3 ring mail of the Big Bang {Stlth+} (You found it on level 4 of the Dungeon)
  4339 | D:4      | Found a staircase to the Ecumenical Temple.
  4345 | Temple   | Entered the Ecumenical Temple
  4508 | Temple   | Became a worshipper of Warmaster Okawaru
  4509 | Temple   | Gained mutation: Your vision is a little blurry. [potion of mutation]
  4509 | Temple   | Gained mutation: Your skin changes colour to match your surroundings (Stealth). [potion of mutation]
  4509 | Temple   | Gained mutation: Armour fits poorly on your strangely shaped body. [potion of mutation]
  4583 | D:5      | Entered Level 5 of the Dungeon
  4648 | D:5      | Reached skill level 5 in Fighting
  4680 | D:5      | Noticed gowby's ghost (average HOSk)
  4688 | D:5      | Slain by gowby's ghost

Action                   |  1- 3 |  4- 6 || total
-------------------------+-------+-------++-------
Melee: Flail             |    73 |   152 ||   225
Throw: Stone             |    57 |   116 ||   173
  Use: Scroll            |     5 |     6 ||    11
       Potion            |     4 |     5 ||     9
  Eat: Chunk             |     2 |     5 ||     7
       Bread ration      |       |     1 ||     1

Vault maps used:
D:1:      co_arrival_square_in_a_square_in_a_square, supply_closet_lemuel
D:2:      grunt_ministairs_9, serial_bayou_pond_a
D:3:      first_bread, kennysheep_nub, cheibrodos_gnoll_hut
D:4:      minmay_temple_entry_overgrown, gup_sewer_entry_pipe
Temple:   kilobyte_greek_temple_18
